 Dungeon Crawl Stone Soup version 0.32-a0-898-g7811c86cf0 (webtiles) character file.

Game seed: 12690205384153786953

315 AeshMezareph the Magician (level 6, -3/47 HPs)
             Began as a Djinni Conjurer on Apr 2, 2024.
             Was an Initiate of Makhleb.
             Slain by Duvessa
             ... wielding a +0 short sword
              (8 damage)
             ... on level 5 of the Dungeon on Apr 4, 2024.
             The game lasted 00:23:18 (3902 turns).

AeshMezareph the Magician (Djinni Conjurer)         Turns: 3902, Time: 00:23:19

Health: -3/47      AC:  2    Str:  6    XL:     6   Next: 72%
Gold:   203        EV: 11    Int: 21    God:    Makhleb [......] SH:  0 Dex: 12

rFire   + + .        l - +2 dagger (speed)
rCold   x . .        (no shield)
rNeg    . . .        a - +0 robe
rPois   ∞            (no helmet)
rElec   .            (no cloak)
rCorr   .            (no gloves)
SInv    .            (boots unavailable)
Will    .....        (no amulet)
Stlth   ++           j - +4 ring of slaying
HPRegen 0.27/turn    (no ring)

%: infuse magic (-4 HP)
@: flying
A: sickness immunity, fire resistance 2, cold vulnerability 1, float, innate
caster, HP casting, extra vitality 1
a: Renounce Religion


You were on level 5 of the Dungeon.
You worshipped Makhleb.
Makhleb was noncommittal.
You visited 2 branches of the dungeon, and saw 6 of its levels.

You collected 203 gold pieces.

Inventory:

Hand Weapons
 h - a +0 whip
 l - a +2 dagger of speed (weapon)
Missiles
 d - 2 poisoned darts
 t - 6 atropa-tipped darts
Armour
 a - a +0 robe (worn)
 b - a +0 leather armour
 o - a +0 buckler
Jewellery
 j - a +4 ring of slaying (left hand)
 x - a ring of fire
Wands
 r - a wand of iceblast (5)
Scrolls
 e - 6 scrolls of teleportation
 f - a scroll of revelation
 g - 2 scrolls of fog {unknown}
 i - a scroll of blinking {unknown}
 k - a scroll of enchant armour {unknown}
 n - a scroll of amnesia {unknown}
 v - a scroll of summoning {unknown}
 y - a scroll of immolation {unknown}
 z - a scroll of torment {unknown}
 A - a scroll of vulnerability {unknown}
Potions
 c - a potion of enlightenment
 m - a potion of brilliance
 p - a potion of magic
 q - a potion of invisibility {unknown}
 s - a potion of attraction {unknown}
 u - 4 potions of curing
 w - 2 potions of heal wounds


   Skills:
 * Level 4.1 Fighting
 - Level 2.1 Dodging
 - Level 1.5 Stealth
 + Level 1.7 Shields
 * Level 4.7 Spellcasting
 * Level 4.7 Conjurations
 * Level 4.7 Hexes
 * Level 4.7 Summonings
 * Level 4.7 Necromancy
 * Level 4.7 Translocations
 * Level 4.7 Fire Magic
 * Level 4.7 Ice Magic
 * Level 4.7 Air Magic
 * Level 4.7 Earth Magic
 * Level 4.7 Alchemy


You knew the following spells:

 Your Spells              Type           Power      Damage    Failure   Level
a - Magic Dart            Conj           100%       1d8       1%          1
b - Searing Ray           Conj           50%        2d6       2%          2
c - Fulminant Prism       Conj/Alch      12%        3d9       16%         4
d - Iskenderun's Mystic Conj/Tloc 25%            2d7        (+2d3     16%         4
e - Freeze                Ice            100%       1d10      1%          1
f - Lesser Beckoning      Tloc           50%        N/A       2%          2
Your spell library was empty.

Dungeon Overview and Level Annotations

Branches:
Dungeon (5/15)             Temple (1/1) D:4

Altars:
Ashenzari
Cheibriados
Elyvilon
Fedhas
Gozag
Makhleb
Nemelex Xobeh
Qazlal
Ru
Trog
Uskayaw
Xom
Yredelemnul

Annotations:
D:2 1 runed translucent door, Crazy Yiuf
D:5 Duvessa


Innate Abilities, Weirdness & Mutations

You are immune to sickness and miasma.
You are immune to poison.
Your flesh is very heat resistant. (rF++)
You are vulnerable to cold. (rC-)
You float through the air rather than walking.
You learn spells naturally, not from books.
Your magical power is your life essence.
You have superior vitality. (+4 MHP)


Message History

(Press . to maintain the ray.) Duvessa barely misses you.
Your Fighting skill increases to level 4!
The searing ray hits Duvessa.
Duvessa is severely wounded.
Duvessa barely misses you. x2
Unknown command.
The searing ray hits Duvessa.
Duvessa is severely wounded.
Duvessa hits you with a +0 short sword.
Unknown command.
The searing ray hits Duvessa but does no damage.
Duvessa is severely wounded.
You finish channelling your searing ray.
Duvessa barely misses you. Duvessa hits you with a +0 short sword!
Unknown command.
Casting: Searing Ray (safe; 2% risk of failure)
Confirm with . or Enter, or press ? or * to list all spells.
Okay, then.
Casting: Searing Ray (safe; 2% risk of failure)
Confirm with . or Enter, or press ? or * to list all spells.
Okay, then.
Okay, then.
Okay, then.
Casting: Searing Ray (safe; 2% risk of failure)
Confirm with . or Enter, or press ? or * to list all spells.
Aiming: Searing Ray (safe; 2% risk of failure)
Press: ? - help, Shift-Dir - straight line, f - Duvessa
Aim: Duvessa, wielding a +0 short sword and wearing a +0 leather armour (severely wounded, berserk, fast, 82% to hit)
The searing ray misses Duvessa. (Press . to maintain the ray.)
* * * LOW HITPOINT WARNING * * *
Duvessa barely misses you.
The searing ray hits Duvessa.
Duvessa is severely wounded.
* * * LOW HITPOINT WARNING * * *
Duvessa hits you with a +0 short sword!
* * * LOW HITPOINT WARNING * * *
Duvessa hits you with a +0 short sword!
You die...

.....#.# # .....#.#
.# ##### .....#.###.
.#... ......$...
...## ....... ##....
.... #...
#.############.###
#Se@.............# #
##############.#.#.#
##.#...# #<...###
#.##.# #.# .# #.. #
###


You could see Duvessa (berserk, fast) and an adder.

Vanquished Creatures
  Dowan (D:5)
  A bombardier beetle (D:4)
  Terence (D:2)
  An orc wizard (D:3)
  4 gnolls (D:3)
  4 adders
  2 ribbon worms (D:2)
  6 dart slugs
  7 orcs
  7 ball pythons
  4 endoplasms
  2 giant cockroaches
  4 goblins
  4 hobgoblins
  11 jackals
  6 quokkas
  11 bats
  2 frilled lizards
  7 kobolds
  3 rats
88 creatures vanquished.

Notes
Turn   | Place    | Note
-------+----------+-------------------------------------------
     0 | D:1      | AeshMezareph the Djinni Conjurer began the quest for the
                  | Orb.
     0 | D:1      | AeshMezareph set off with the following spells memorised:
                  | Magic Dart, Searing Ray, Fulminant Prism, Iskenderun's
                  | Mystic Blast.
     0 | D:1      | Reached XP level 1. HP: 15/15 MP: 0/0
   219 | D:1      | Reached XP level 2. HP: 22/22 MP: 0/0
   245 | D:1      | Reached skill level 1 in Fighting
   575 | D:1      | Reached XP level 3. HP: 26/27 MP: 0/0
   575 | D:1      | Learned a level 1 spell: Freeze
   914 | D:2      | Identified the +3 robe of Indomitability {Str+2}
  1110 | D:2      | Reached XP level 4. HP: 30/33 MP: 0/0
  1271 | D:2      | Noticed Terence
  1281 | D:2      | Upgraded the game from 0.32-a0-886-g41c5271027 to
                  | 0.32-a0-891-gc41d80381e
  1294 | D:2      | Killed Terence
  1503 | D:2      | Found a runed translucent door.
  1504 | D:2      | Noticed Crazy Yiuf
  1975 | D:3      | Reached XP level 5. HP: 36/40 MP: 0/0
  1975 | D:3      | Learned a level 2 spell: Lesser Beckoning
  2892 | D:3      | Reached skill level 1 in Shields
  2969 | D:3      | Reached XP level 6. HP: 44/46 MP: 0/0
  3140 | D:4      | Upgraded the game from 0.32-a0-891-gc41d80381e to
                  | 0.32-a0-898-g7811c86cf0
  3558 | D:4      | Found a staircase to the Ecumenical Temple.
  3567 | Temple   | Entered the Ecumenical Temple
  3588 | Temple   | Became a worshipper of Makhleb the Destroyer
  3874 | D:5      | Entered Level 5 of the Dungeon
  3890 | D:5      | Noticed Dowan
  3890 | D:5      | Noticed Duvessa
  3897 | D:5      | Killed Dowan
  3902 | D:5      | Slain by Duvessa

Illustrated notes

Levels and vault maps discovered:
D:1:      wander_arrival_peaceful_grave, layout_basic, minivault_27
D:2:      layout_basic, uniq_terence, uniq_crazy_yiuf_cottage
D:3:      layout_loops_ring, kennysheep_generic_room_2
D:4:      layout_rooms, minmay_temple_entry_mist
D:5:      layout_basic, enter_ossuary_3, minmay_misc_feat_five,
          minmay_strange_pillars, dk_rats_in_the_wall, uniq_edmund,
          uniq_duvessa, uniq_eustachio, uniq_sigmund
Temple:   minmay_temple_bridge_d

Skill      XL: |  1  2  3  4  5  6 |
---------------+-------------------+-----
Fighting       | 1 2 3 4 |  4.1
Spellcasting   | 4 |  4.7
Conjurations   | 4 |  4.7
Hexes          | 4 |  4.7
Summonings     | 4 |  4.7
Necromancy     | 4 |  4.7
Translocations | 4 |  4.7
Fire Magic     | 4 |  4.7
Ice Magic      | 4 |  4.7
Air Magic      | 4 |  4.7
Earth Magic    | 4 |  4.7
Alchemy        | 4 |  4.7
Shields        | 1 |  1.7
Dodging        | |  2.1
Stealth        | |  1.5

Action                     |  1- 3 |  4- 6 || total
---------------------------+-------+-------++-------
  Melee: Dagger            |     2 |     6 ||     8
   Cast: Magic Dart        |    40 |    43 ||    83
         Searing Ray       |     6 |    37 ||    43
    Use: Scroll            |       |     8 ||     8
   Stab: Sleeping          |     1 |     1 ||     2
 Armour: Robe              |     7 |    25 ||    32
  Dodge: Dodged            |     6 |    44 ||    50

Table legend: (Time is in decaauts)
 A = Elapsed time spent in this place.
 B = Non-inter-level travel time spent in this place.
 C = Inter-level travel time spent in this place.
 D = Time resting spent in this place.
 E = Time spent auto-exploring this place.
 F = Levels seen in this place.
 G = Mean time per level.
                   A        B        C        D        E       F      G
               +--------+--------+--------+--------+--------+-----+--------+
         Total |   3900 |   3266 |    634 |    574 |   1520 |   6 |  650.0 |
       Dungeon |   3856 |   3262 |    594 |    574 |   1520 |   5 |  771.2 |
        Temple |     43 |      3 |     40 |      0 |      0 |   1 |   43.0 |
               +--------+--------+--------+--------+--------+-----+--------+

Top non-repeatable levels by time:
     D:2: 1296 daAuts
     D:3: 1160 daAuts
     D:4: 694 daAuts
     D:1: 677 daAuts
  Temple: 43 daAuts
     D:5: 27 daAuts
